[Event "FIDE World Cup O10-A 2024"]
[Site "Batumi"]
[Date "2024.06.27"]
[Round "5.1"]
[White "Chakrabarty, Reyaansh"]
[Black "Vyom Malhotra"]
[Result "1-0"]
[ECO "C55"]
[WhiteElo "2185"]
[BlackElo "1803"]
[Annotator "RC"]
[PlyCount "199"]
[EventDate "2024.06.23"]
[EventType "swiss"]
[EventCountry "GEO"]
[SourceTitle "playchess.com"]
[Source "ChessBase"]
[SourceQuality "1"]
[TimeControl "5400+30"]

1. e4 e5 2. Nf3 Nc6 3. Bc4 Nf6 4. d3 Be7 5. O-O O-O 6. Re1 d6 7. a4 Na5 8. Ba2 c5 9. Bd2 Nc6 10. Na3 Be6 11. Bxe6 fxe6 12. Nc4 Qe8 13. c3 Nh5 14. Kh1 Nf4 15. Bxf4 Rxf4 16. Qe2 Qh5 17. Ng1 Qh6 18. g3 Rf7 19. Rab1 Raf8 20. f3 Qg6 21. Ne3 h5 22. Rf1 Qh6 23. Kg2 Bg5 24. Nc4 Rd7 25. Nh3 h4 26. Nxg5 Qxg5 27. Qe3 Qh5 28. Rbe1 h3+ 29. Kg1 Ne7 30. Qe2 Ng6 31. Ne3 Rdf7 32. Ng4 Qg5 33. Rf2 Qd8 34. Qf1 Qb6 35. Qxh3 Rxf3 36. Rxf3 Rxf3 37. Qh5 c4+ 38. Kg2 Nf4+ 39. gxf4 Rxf4 40. dxc4 Qxb2+ 41. Kh3 Qxc3+ 42. Re3 Qxc4 43. Qe8+ Kh7 44. Qh5+ Kg8 45. Qe8+ Kh7 46. Rg3 Qf1+ 47. Kh4 Rxe4 48. Qh5+ Kg8 49. Qe8+ Kh7 50. Qxe6 Qf6+ 51. Qxf6 gxf6 52. Kh5 Rf4 53. Rd3 Rf5+ 54. Kh4 Kg6 55. Rxd6 Rf4 56. Kg3 Kf7 57. a5 Ke7 58. Rd5 Rb4 59. h4 Rb3+ 60. Kg2 Ke6 61. Rc5 Rb4 62. Kf3 Rb1 63. Rc7 f5 64. Ne3 f4 65. Ng2 Rb3+ 66. Kf2 Kf5 67. Rg7 Ke4 68. h5 Rh3 69. Rh7 f3 70. Ne3 Rh2+ 71. Kg1 Rh4 72. Nd1 Rg4+ 73. Kf1 Rh4 74. Nf2+ Ke3 75. Rxb7 Rxh5 76. Rxa7 e4 77. Ke1 Rb5 78. a6 Ra5 79. Ra8 Ra1+ 80. Nd1+ Kf4 81. a7 e3 82. Rf8+ Kg3 83. a8=Q f2+ 84. Ke2 f1=Q+ 85. Kxf1 Rxa8 86. Rxa8 Kf3 87. Ke1 e2 88. Ra3+ Ke4 89. Kxe2 Kd4 90. Ra4+ Kc5 91. Kd3 Kb5 92. Nc3+ Kc5 93. Ra5+ Kb4 94. Rb5+ Ka3 95. Na4 Kxa4 96. Kc4 Ka3 97. Rb8 Ka2 98. Kc3 Ka1 99. Kc2 Ka2 100. Ra8# 1-0

[Event "FIDE World Cup O10-A 2024"]
[Site "Batumi"]
[Date "2024.06.27"]
[Round "5.2"]
[White "Safin Safarullakhan"]
[Black "Mrozowski, Nikodem"]
[Result "1-0"]
[ECO "B67"]
[WhiteElo "1879"]
[BlackElo "1776"]
[Annotator "NA RC"]
[PlyCount "57"]
[EventDate "2024.06.23"]
[EventType "swiss"]
[EventCountry "GEO"]
[SourceTitle "playchess.com"]
[Source "ChessBase"]
[SourceQuality "1"]
[TimeControl "5400+30"]

1. e4 c5 2. Nf3 d6 3. d4 cxd4 4. Nxd4 Nf6 5. Nc3 Nc6 6. Bg5 e6 7. Qd2 a6 8. O-O-O Bd7 9. f4 b5 10. Bxf6 gxf6 11. Kb1 Qb6 12. Nxc6 Bxc6 13. f5 b4 {[%emt 0:00:14] B67: Sicilian: Richter-Rauzer: 7...a6 8 0-0-0 Bd7, lines without 9 f4 Be7.} 14. Ne2 e5 15. Ng3 h5 16. h4 Rd8 17. Bc4 Qc5 18. Qe2 ({Don't do} 18. Bxa6 $6 d5 $14) 18... a5 (18... Ke7 $16 {was necessary.} 19. b3 (19. Bxa6 Ra8 $16) (19. Nxh5 Rxh5 20. Bxf7 Rh7 $17) 19... Bh6) 19. b3 Ke7 20. Nxh5 Bxe4 21. Qxe4 Rxh5 22. Rd5 Qf2 23. Rxa5 $18 Qxf5 24. Qd5 Rh7 25. Bd3 Qh5 26. Ra7+ Rd7 27. Rxd7+ Kxd7 28. Qb7+ Ke6 29. g4 1-0

[Event "FIDE World Cup O10-A 2024"]
[Site "Batumi"]
[Date "2024.06.27"]
[Round "5.3"]
[White "Bolashakov, Nurali"]
[Black "Ramesan, Raunak Amit"]
[Result "1-0"]
[ECO "C55"]
[WhiteElo "1843"]
[BlackElo "1772"]
[Annotator "NA RC"]
[PlyCount "153"]
[EventDate "2024.06.23"]
[EventType "swiss"]
[EventCountry "GEO"]
[SourceTitle "playchess.com"]
[Source "ChessBase"]
[SourceQuality "1"]
[TimeControl "5400+30"]

1. e4 e5 2. Nf3 Nc6 3. Bc4 Nf6 4. d3 h6 5. c3 d6 6. Nbd2 g5 7. Nf1 g4 8. N3d2 h5 9. Nb3 Be6 10. Bg5 Rg8 $11 11. Bh4 Bxc4 12. dxc4 Bh6 13. Ng3 Bg5 14. Bxg5 Rxg5 15. h4 Rg8 16. Qe2 Qe7 17. Nd2 Qe6 18. Nf5 Ne7 19. Nxe7 Qxe7 20. Nf1 O-O-O 21. Ng3 Rh8 22. b4 Qe6 23. a4 Ng8 24. O-O Ne7 25. Nh1 Ng6 26. g3 f5 27. exf5 Qxf5 28. f3 gxf3 29. Rxf3 Qe6 30. Raf1 Rdg8 31. Qe4 Ne7 32. Nf2 c6 33. Kh2 d5 34. cxd5 cxd5 35. Qe3 e4 36. Rf4 Qb6 37. Qxb6 axb6 38. Nd1 Rg6 39. Rf6 Rxf6 40. Rxf6 Kc7 41. Ne3 Rh7 42. Kg2 Rh8 43. Kf2 Ra8 44. Re6 Kd7 45. Rxb6 Rxa4 46. Rxb7+ Ke8 47. Rb5 Ra2+ 48. Ke1 Ra3 49. Kd2 d4 50. cxd4 Rd3+ 51. Ke2 Rxd4 52. Rb8+ Rd8 53. Rxd8+ Kxd8 54. Kd2 Ng6 55. Kc3 Ne5 56. Kd4 Nc6+ 57. Kxe4 Nxb4 58. Kf5 Ke7 59. Kg5 Kf7 60. Kxh5 Nd3 61. g4 Nf4+ 62. Kh6 Kg8 63. h5 Nd3 64. g5 Ne5 65. g6 Kh8 66. Kg5 Nd7 67. Ng4 Nc5 68. Kf6 Ne4+ 69. Kf7 Ng5+ 70. Kf6 Ne4+ 71. Ke5 Nc5 72. h6 Nd7+ 73. Kf5 Kg8 74. Nf6+ Nxf6 75. Kxf6 Kh8 76. g7+ Kh7 77. Kf7 1-0

[Event "FIDE World Cup O10-A 2024"]
[Site "Batumi"]
[Date "2024.06.27"]
[Round "5.4"]
[White "Ashwath Kaushik"]
[Black "Shangin, Lev"]
[Result "1/2-1/2"]
[ECO "B45"]
[WhiteElo "2029"]
[BlackElo "2031"]
[Annotator "NA RC"]
[PlyCount "115"]
[EventDate "2024.06.23"]
[EventType "swiss"]
[EventCountry "GEO"]
[SourceTitle "playchess.com"]
[Source "ChessBase"]
[SourceQuality "1"]
[TimeControl "5400+30"]

1. e4 c5 2. Nf3 e6 3. d4 cxd4 4. Nxd4 Nf6 5. Nc3 Nc6 6. Ndb5 Bc5 7. Bf4 O-O {[%emt 0:00:39] B45: Sicilian Four Knights.} 8. Bc7 Qe7 9. Bd6 Bxd6 10. Qxd6 Qd8 11. O-O-O a6 12. Nd4 Nxd4 13. Qxd4 b5 14. e5 Ne8 15. Bd3 Bb7 16. Be4 Bxe4 17. Nxe4 Qc7 {[%emt 0:12:32] [#]} 18. f4 ({Don't play} 18. Qxd7 $6 Qxe5 19. Qd4 Qf4+ 20. Rd2 Rc8 $11) (18. Rd2 $1 $16) 18... Rc8 19. c3 Qa5 {[%emt 0:07:13] [#]} 20. Kb1 $1 ({Of course not} 20. Qxd7 $6 Rc4 21. Rd4 Rxd4 22. Qxd4 Qxa2 $11) 20... Rc4 21. Qd3 Nc7 22. b3 Rxe4 23. Qxe4 Nd5 24. Rxd5 $1 exd5 25. Qd4 Qc7 26. Kb2 $16 d6 27. Rd1 dxe5 28. fxe5 Rd8 29. Rd3 g6 30. Re3 Qd7 31. g4 Qe6 32. Qf4 a5 33. Qd4 a4 34. Re1 Qa6 35. Qb4 axb3 36. Qxb3 Qb6 37. Re2 d4 38. e6 dxc3+ 39. Kc2 fxe6 40. Rxe6 Qf2+ 41. Re2+ Qf7 42. Qxf7+ Kxf7 43. Kxc3 Rd5 44. Re4 Kf6 45. h4 h5 46. Kb4 hxg4 47. Rxg4 Rd2 48. a3 Rb2+ 49. Kc5 Rb3 50. a4 bxa4 51. Rxa4 Kf5 52. Ra8 Rh3 53. Rh8 Kg4 54. Rh6 g5 55. hxg5 Rc3+ 56. Kd4 Kxg5 57. Rh5+ Kxh5 58. Kxc3 1/2-1/2

[Event "FIDE World Cup O10-A 2024"]
[Site "Batumi"]
[Date "2024.06.27"]
[Round "5.5"]
[White "Guntaka, Aayansh"]
[Black "Jakhaia, Andria"]
[Result "1-0"]
[ECO "B45"]
[WhiteElo "1872"]
[BlackElo "1652"]
[Annotator "NA RC"]
[PlyCount "75"]
[EventDate "2024.06.23"]
[EventType "swiss"]
[EventCountry "GEO"]
[SourceTitle "playchess.com"]
[Source "ChessBase"]
[SourceQuality "1"]
[TimeControl "5400+30"]

1. e4 c5 2. Nf3 e6 3. d4 cxd4 4. Nxd4 Nf6 5. Nc3 Nc6 6. Ndb5 Bb4 7. a3 Bxc3+ 8. Nxc3 d5 9. exd5 exd5 10. Bd3 d4 11. Ne2 Bg4 12. f3 Bh5 13. O-O O-O 14. Bg5 Bg6 {[%emt 0:00:00] is currently scoring better than 14...Qd6. B45: Sicilian Four Knights.} 15. Bxg6 fxg6 16. Qd3 Re8 $146 ({Predecessor:} 16... Qb6 17. Rad1 Rad8 18. Nf4 Ne5 19. Qb3+ Qxb3 20. cxb3 h6 21. Bxf6 Rxf6 22. Nd3 Nxd3 23. Rxd3 {½-½ Kaminski,M (1526)-Iwaszkiewicz,K (1530) Baltic Cup-B 2nd 2018 (2)}) 17. Rad1 Qb6 18. Nxd4 Rad8 19. Qb3+ $16 Qxb3 20. Nxb3 b6 21. Rxd8 Rxd8 22. Re1 Kf7 23. Kf2 Rd5 24. Bd2 Nd7 25. Bc3 Nf8 26. Re2 Ne6 27. Rd2 Rxd2+ 28. Bxd2 a5 29. a4 Nc7 30. Be3 Na8 31. Ke2 Ke6 32. Nd4+ Nxd4+ 33. Bxd4 Kd5 34. Kd3 g5 35. c4+ Kc6 36. Bxg7 h5 37. Bh6 g4 38. f4 1-0

[Event "FIDE World Cup O10-A 2024"]
[Site "Batumi"]
[Date "2024.06.27"]
[Round "5.6"]
[White "Tsulaia, Giorgi"]
[Black "Ismailov, Omarbek"]
[Result "1/2-1/2"]
[ECO "B45"]
[WhiteElo "1646"]
[BlackElo "1716"]
[Annotator "NA RC"]
[PlyCount "66"]
[EventDate "2024.06.23"]
[EventType "swiss"]
[EventCountry "GEO"]
[SourceTitle "playchess.com"]
[Source "ChessBase"]
[SourceQuality "1"]
[TimeControl "5400+30"]

1. e4 c5 2. Nf3 Nc6 3. d4 cxd4 4. Nxd4 Nf6 5. Nc3 e6 6. Ndb5 Bb4 7. a3 Bxc3+ 8. Nxc3 h6 9. Bd3 O-O 10. O-O d5 11. exd5 exd5 12. h3 d4 13. Ne2 Be6 14. Bb5 Qd5 15. Bxc6 bxc6 16. Qxd4 Rfd8 17. Qxd5 Bxd5 18. Nc3 Be6 19. Be3 Bf5 20. Rad1 Rxd1 21. Rxd1 Bxc2 22. Rd6 Rb8 23. b4 Rc8 24. Bxa7 Ra8 25. Bd4 Rxa3 26. Rxc6 Ne4 27. Nb5 Ra2 28. Nc7 Nd2 29. Ra6 Ba4 30. b5 Rc2 31. Rxa4 Rc1+ 32. Kh2 Nf1+ 33. Kg1 Ng3+ 1/2-1/2

[Event "FIDE World Cup O10-A 2024"]
[Site "Batumi"]
[Date "2024.06.27"]
[Round "5.7"]
[White "Kalinichenko, German Yu"]
[Black "Hummatov, Safa"]
[Result "1/2-1/2"]
[ECO "B28"]
[WhiteElo "1634"]
[BlackElo "1693"]
[Annotator "NA RC"]
[PlyCount "77"]
[EventDate "2024.06.23"]
[EventType "swiss"]
[EventCountry "GEO"]
[SourceTitle "playchess.com"]
[Source "ChessBase"]
[SourceQuality "1"]
[TimeControl "5400+30"]

1. e4 c5 2. Nf3 a6 3. c4 Nc6 4. d4 cxd4 5. Nxd4 e5 6. Nf5 d5 7. cxd5 Bxf5 8. exf5 Nd4 9. Nc3 Nf6 10. Bg5 Be7 11. Bd3 O-O 12. Bxf6 Bxf6 13. Be4 Qb6 14. Qd2 Qd6 15. O-O b5 16. Ne2 Rac8 17. Rac1 h6 18. Nxd4 Rxc1 19. Rxc1 Bg5 20. Rc6 Qxc6 21. Nxc6 Bxd2 22. h4 g5 23. fxg6 f5 24. Bc2 Rf6 25. Bb3 Kg7 26. Ne7 Bb4 27. Nc6 Bd6 28. h5 Rf8 29. Kf1 Rc8 30. Bc2 Kf6 31. Ke2 Rc7 32. f3 Kg5 33. Bd3 Rd7 34. Kf2 Kf6 35. Ke2 Bc5 36. Nb8 Rxd5 37. Nxa6 Bd6 38. Bxf5 Rd4 39. b4 1/2-1/2

[Event "FIDE World Cup O10-A 2024"]
[Site "Batumi"]
[Date "2024.06.27"]
[Round "5.8"]
[White "Eshkol, Idan"]
[Black "Chkhartishvili, Lazare"]
[Result "1-0"]
[ECO "A01"]
[WhiteElo "1544"]
[BlackElo "1608"]
[Annotator "NA RC"]
[PlyCount "101"]
[EventDate "2024.06.23"]
[EventType "swiss"]
[EventCountry "GEO"]
[SourceTitle "playchess.com"]
[Source "ChessBase"]
[SourceQuality "1"]
[TimeControl "5400+30"]

1. b3 c5 2. Bb2 Nc6 3. e3 Nf6 4. Bb5 e6 5. Bxc6 bxc6 6. f4 h5 7. Nf3 Be7 8. d3 Nd5 9. Qd2 Bf6 10. d4 cxd4 11. e4 d3 12. c3 Nc7 13. e5 Be7 14. Qxd3 d5 15. exd6 Qxd6 16. Qxd6 Bxd6 17. g3 h4 18. Rf1 hxg3 19. hxg3 Rh3 20. Rg1 Bc5 21. Rg2 Rh1+ 22. Ke2 Nd5 23. Nbd2 Rxa1 24. Bxa1 Ba6+ 25. c4 f6 26. Nd4 Kd7 27. Kf3 Nc7 28. Ne4 Bxd4 29. Bxd4 Rh8 30. Rd2 Kc8 31. Kg2 Kb8 32. Bf2 Bc8 33. Rd6 Ne8 34. Rd8 Kc7 35. Rd2 f5 36. Ng5 Kb7 37. Re2 Nc7 38. Nf7 Rf8 39. Nd6+ Kb8 40. Bd4 g6 41. Rd2 Bb7 42. Kf2 Ba8 43. Ke2 Na6 44. Be5 Nc7 45. Bd4 Na6 46. Kd1 Nc7 47. Kc2 Rg8 48. Kc3 g5 49. Be5 gxf4 50. gxf4 a5 51. Kb2 1-0

[Event "FIDE World Cup O10-A 2024"]
[Site "Batumi"]
[Date "2024.06.27"]
[Round "5.9"]
[White "Obado, Sean Adrich"]
[Black "Aryan Mehta"]
[Result "0-1"]
[ECO "B22"]
[WhiteElo "1631"]
[BlackElo "1863"]
[Annotator "NA RC"]
[PlyCount "146"]
[EventDate "2024.06.23"]
[EventType "swiss"]
[EventCountry "GEO"]
[SourceTitle "playchess.com"]
[Source "ChessBase"]
[SourceQuality "1"]
[TimeControl "5400+30"]

1. e4 c5 2. c3 d5 3. exd5 Qxd5 4. d4 Nc6 5. Nf3 Bf5 6. Be3 cxd4 7. cxd4 Bxb1 8. Rxb1 e6 9. a3 Nf6 10. h3 Bd6 11. Qc2 Rc8 12. Bc4 Nxd4 13. Qa4+ {[%emt 0:08:05] [#]} Qc6 (13... b5 $1 $17 14. Bxd5 bxa4 15. Nxd4 Nxd5) 14. Nxd4 Qxa4 15. Bb5+ Qxb5 16. Nxb5 Be5 17. f4 $17 ({White should try} 17. Bxa7 $15 O-O 18. O-O) 17... Bb8 18. Nxa7 Rc2 19. g3 Nd5 20. Bd4 Bxa7 21. Bxa7 b6 22. Bb8 Rg2 23. Be5 f6 24. Bd4 Rxg3 25. Kf2 Rb3 26. Rhg1 Kf7 27. Rbc1 Rd3 28. Rgd1 Rxh3 29. Rg1 Rd3 30. Rgd1 Rxd1 31. Rxd1 Rc8 32. b3 Nxf4 33. Bxb6 Rb8 34. Bc7 Nh3+ 35. Kg2 Rxb3 36. Rd7+ Kg6 37. a4 e5 38. a5 Nf4+ 39. Kh2 Rb2+ 40. Kg3 Ne2+ 41. Kh3 Nd4 42. Rd6 Ra2 43. Bb6 Ra3+ 44. Kg2 Nb3 45. Rd5 Kf5 46. Rd7 Kg6 47. Ra7 Nd4 48. a6 h5 49. Ra8 h4 50. a7 h3+ 51. Kh2 Nc6 52. Bc5 Ra5 53. Bb6 Ra6 54. Bc5 Kf5 55. Rg8 Nxa7 56. Rxg7 Nb5 57. Kxh3 Rc6 58. Bf2 Rc3+ 59. Kg2 Nd6 60. Be1 Rc2+ 61. Kf3 Nc4 62. Re7 Rc1 63. Bb4 Rb1 64. Bc5 Rb3+ 65. Ke2 Ke4 66. Rc7 Rb2+ 67. Ke1 Nd2 68. Rd7 Nf3+ 69. Kd1 Rb5 70. Rc7 Kd3 71. Kc1 Nd4 72. Bxd4 Kxd4 73. Rf7 Rb6 0-1

[Event "FIDE World Cup O10-A 2024"]
[Site "Batumi"]
[Date "2024.06.27"]
[Round "5.10"]
[White "Wee, Yu Xi Lyndon"]
[Black "Macosay Lopez, Julio David"]
[Result "0-1"]
[ECO "C55"]
[WhiteElo "1408"]
[BlackElo "1607"]
[Annotator "NA RC"]
[PlyCount "132"]
[EventDate "2024.06.23"]
[EventType "swiss"]
[EventCountry "GEO"]
[SourceTitle "playchess.com"]
[Source "ChessBase"]
[SourceQuality "1"]
[TimeControl "5400+30"]

1. e4 e5 2. Nf3 Nc6 3. Bc4 Nf6 4. d3 h6 5. c3 d6 6. Nbd2 g5 7. h3 Bg7 8. Nf1 O-O 9. Ng3 Ne7 10. Qb3 a6 11. a4 b6 12. Be3 d5 13. exd5 Nfxd5 14. Nh5 Bh8 15. O-O-O Nxe3 16. fxe3 Bd7 17. Nh2 b5 18. axb5 axb5 19. Bd5 Nxd5 20. Qxd5 c6 21. Qd6 Be6 22. Qxc6 Bb3 23. Qxb5 Bxd1 24. Rxd1 Ra1+ 25. Kc2 Rxd1 26. Kxd1 Qd6 27. Ng4 Rd8 28. Kc2 Qg6 29. Ng3 h5 30. Nf2 Rd6 31. Kd2 Kh7 32. Nfe4 Rb6 33. Nxg5+ Qxg5 34. Qxb6 Qxg3 35. Qb7 Qf2+ 36. Kd1 Bg7 37. Qf3 Qxb2 38. Qxh5+ Kg8 39. Qg5 Qxc3 40. Qd8+ Kh7 41. Qh4+ Bh6 42. Qe4+ Kg8 43. Ke2 Qc2+ 44. Kf1 Qd1+ 45. Kf2 Qd2+ 46. Kf3 Qd1+ 47. Kg3 Qe1+ 48. Kf3 Qf1+ 49. Kg3 Qf6 50. Qg4+ Qg6 51. Qxg6+ fxg6 52. Kf3 Kf7 53. Ke4 Ke6 54. g4 Bg5 55. d4 exd4 56. Kxd4 Bh4 57. Ke4 g5 58. Kd4 Bg3 59. e4 Bf4 60. Kd3 Ke5 61. Ke2 Kxe4 62. Kf2 Kd4 63. Kf3 Bd2 64. Kg3 Be1+ 65. Kh2 Ke3 66. Kg2 Bh4 0-1

[Event "FIDE World Cup O10-A 2024"]
[Site "Batumi"]
[Date "2024.06.27"]
[Round "5.11"]
[White "TURKI, YOUSEF HATTAN A"]
[Black "Kiladze, Giorgi"]
[Result "0-1"]
[ECO "E61"]
[WhiteElo "1401"]
[BlackElo "1552"]
[Annotator "NA RC"]
[PlyCount "86"]
[EventDate "2024.06.23"]
[EventType "swiss"]
[EventCountry "GEO"]
[SourceTitle "playchess.com"]
[Source "ChessBase"]
[SourceQuality "1"]
[TimeControl "5400+30"]

1. d4 Nf6 2. c4 g6 3. Nc3 Bg7 4. Nf3 O-O 5. Bg5 d6 6. e3 h6 7. Bxf6 Bxf6 8. Qc2 Bg7 9. Bd3 b6 10. h4 e6 11. h5 g5 12. Nh2 Na6 13. a3 Bb7 14. f4 c5 15. O-O-O cxd4 16. exd4 f6 17. f5 exf5 18. Bxf5 Nc7 19. d5 Bc8 20. Bg6 Bd7 21. Ne4 Ne8 22. Qb3 f5 23. Nc3 Rb8 24. Nf3 a6 25. Nd4 Nc7 26. a4 Qc8 27. Qc2 b5 28. cxb5 axb5 29. axb5 Nxb5 30. Ndxb5 Bxb5 31. Nxb5 Rxb5 32. Qxc8 Rxc8+ 33. Kd2 Rxb2+ 34. Ke3 Rc3+ 35. Rd3 f4+ 36. Kf3 Rxd3+ 37. Bxd3 Rd2 38. Bf5 Rb2 39. Rc1 Rb3+ 40. Ke2 Re3+ 41. Kf2 Bd4 42. Kf1 f3 43. gxf3 Rxf3+ 0-1